 Dungeon Crawl Stone Soup version 0.27-a0-1228-gfd60fd639a (webtiles) character file.

Game seed: 11388375055930106825

57988 Zonian the Destroyer (level 15, -16/112 HPs)
             Began as a Human Conjurer on June 7, 2021.
             Was a Plaything of Xom.
             Demolished by a shadow (28 damage)
             ... on level 12 of the Dungeon on June 8, 2021.
             The game lasted 01:59:59 (34159 turns).

Zonian the Destroyer (Human Conjurer)              Turns: 34159, Time: 02:00:00

Health: -16/112    AC: 13    Str: 10      XL:     15   Next: 28%
Magic:  19/27      EV: 19    Int: 28 (30) God:    Xom [*.....]
Gold:   1077       SH:  8    Dex: 11      Spells: 9/30 levels left

rFire    + . .     SeeInvis .   I - +10 flail of Xaumo {protect, +Rage Will+}
rCold    . . .     Faith    .   b - +3 warlock's mirror {reflect}
rNeg     . . .     Spirit   .   Q - +2 robe {Will+}
rPois    .         Reflect  +   F - +2 helmet {Int+3}
rElec    .         Harm     .   S - +1 cloak
rCorr    .         Rampage  ∞   (no gloves)
Will     ++++.                  X - +3 pair of seven-league boots {Rampage+∞}
Stlth    +++++.....             e - amulet of magic regeneration
HPRegen  0.28/turn              M - +6 ring of intelligence
MPRegen  0.45/turn              E - +4 ring of evasion

@: mighty, liquefying, unable to read, hasted, slowed movement, quick
A: claws 1, talons 1, thin skeletal structure 1, clumsy 1, deterioration 1,
dopey 1, fire resistance 1, strong-willed 1, mutation resistance 1, inability to
read while threatened
a: Renounce Religion, Evoke Berserk Rage


You were on level 12 of the Dungeon.
You worshipped Xom.
You were a special plaything of Xom.
You visited 3 branches of the dungeon, and saw 19 of its levels.
You also visited: Sewer.

You collected 2525 gold pieces.
You spent 1448 gold pieces at shops.

Inventory:

Hand Weapons
 d - a +0 hunting sling
 i - a +3 dagger of venom
 q - a +1 vorpal spear
 H - a +3 war axe of freezing
 I - the +10 flail of Xaumo (weapon) {protect, +Rage Will+}
   (You bought it in a shop on level 8 of the Dungeon)

   It grants its wielder temporary protection when it strikes (+7 to AC).
   It lets you go berserk.
   It increases your willpower.
 J - a +2 fustibalus of chaos
 V - a +5 dagger of speed
Missiles
 h - 5 curare-tipped darts
 K - 30 boomerangs
 L - 138 sling bullets
 O - 7 atropa-tipped darts
 W - 2 javelins
Armour
 a - a +1 robe
 b - the +3 warlock's mirror (worn) {reflect}
   (You acquired it on level 2 of the Dungeon)
 k - a +2 pair of boots
 v - a +0 troll leather armour
 y - +0 acid dragon scales
 F - a +2 helmet of intelligence (worn)
 Q - a +2 robe of willpower (worn)
 S - a +1 cloak (worn)
 X - the +3 pair of seven-league boots (worn) {Rampage+∞}
   (You found it on level 2 of the Lair of Beasts)
Magical Staves
 t - a staff of fire
Jewellery
 e - an amulet of magic regeneration (around neck)
 o - an amulet of reflection
 s - a +6 ring of dexterity
 u - a ring of protection from fire
 B - a ring of wizardry
 E - a +4 ring of evasion (right claw)
 M - a +6 ring of intelligence (left claw)
 R - a ring of wizardry
 U - a +4 ring of evasion
 Y - a +4 ring of protection
Wands
 g - a wand of flame (85)
 z - a wand of digging (4)
 D - a wand of polymorph (29)
 N - a wand of acid (5)
Scrolls
 c - a scroll of silence
 l - 3 scrolls of enchant armour
 n - a scroll of amnesia
 r - 2 scrolls of teleportation
 w - a scroll of holy word
 G - a scroll of fog
 P - a scroll of enchant weapon
 Z - 8 scrolls of identify
Potions
 f - 2 potions of haste
 j - 6 potions of lignification
 m - 5 potions of might
 p - 2 potions of magic
 x - 3 potions of flight
 A - 2 potions of invisibility
 C - 2 potions of attraction
 T - 2 potions of cancellation


   Skills:
 + Level 8.6 Fighting
 - Level 5.4 Short Blades
 + Level 6.4 Maces & Flails
 + Level 9.0 Dodging
 + Level 9.7 Stealth
 - Level 6.0 Shields
 + Level 8.3 Spellcasting
 + Level 10.0 Conjurations
 - Level 6.5 Hexes
 - Level 5.5 Translocations
 + Level 4.5 Ice Magic
 + Level 5.8 Air Magic
 - Level 5.6 Poison Magic
 + Level 4.6 Evocations


You had 9 spell levels left.
You knew the following spells:

 Your Spells              Type           Power      Damage    Failure   Level
a - Magic Dart            Conj           100%       1d8       1%          1
b - Searing Ray           Conj           100%       3d7       1%          2
c - Dazzling Flash        Conj/Hex       100%       N/A       1%          3
d - Iskenderun's Mystic   Conj/Tloc      53%        2d11      1%          4
e - Blink                 Tloc           N/A        N/A       1%          2
f - Mephitic Cloud        Conj/Pois/Air  51%        N/A       1%          3
g - Freezing Cloud        Conj/Ice/Air   24%        6-21      41%         6

Your spell library contained the following spells:

 Spells                   Type           Power      Damage    Failure   Level
 Corona                   Hex            53%        N/A       1%          1
 Ensorcelled Hibernation  Hex/Ice        84%        N/A       1%          2
 Slow                     Hex            48%        N/A       1%          2
 Confusing Touch          Hex            48%        N/A       1%          3
 Conjure Flame            Conj/Fire      39%        6-21      1%          3
 Tukima's Dance           Hex            48%        N/A       1%          3
 Fulminant Prism          Conj/Hex       27%        3d14      1%          4
 Call Imp                 Summ           11%        N/A       7%          2
 Ice Form                 Ice/Tmut       24%        N/A       19%         4
 Summon Ice Beast         Ice/Summ       24%        N/A       19%         4
 Simulacrum               Ice/Necr       12%        N/A       96%         6
 Ozocubu's Refrigeration  Ice            18%        4d8       99%         7


Dungeon Overview and Level Annotations

Branches:
Dungeon (12/15)            Temple (0/1) D:4            Lair (6/6) D:8
 Shoals (0/4) Lair:3        Snake (0/4) Lair:3        Slime (0/5) Lair:6
    Orc (1/2) D:11          Sewer (visited)

Altars:
Dithmenos
Fedhas
Gozag
Okawaru
Wu Jian
Xom
Zin
Jiyva

Shops:
D:3 :   D:6 (   D:8 (   D:10 *

Annotations:
D:6 1 runed translucent door, Crazy Yiuf
D:10 Urug
Lair:1 exclusion: oklob plant
Lair:2 1 runed translucent door, Cyko's ghost, journeyman TrBe


Innate Abilities, Weirdness & Mutations

You have sharp fingernails.
You have sharp toenails.
You have a somewhat thin skeletal structure. (Dex +2, Stealth+)
You are clumsy. (Dex -2)
Your body sometimes deteriorates upon taking damage.
You are dopey. (Int -2)
Your flesh is heat resistant. (rF+)
You are strong-willed. (Will+)
You are somewhat resistant to further mutation.
You sometimes lose the ability to read scrolls when taking damage.


Message History

Okay, then.
Aiming: Throw Flame
Press: ? - help, Shift-Dir - straight line, f - shadow
Aim: a shadow (lightly damaged, 74% to hit)
Okay, then.
Casting: Blink (safe; 1% risk of failure)
Confirm with . or Enter, or press ? or * to list all spells.
You can't see any susceptible monsters within range! (Use Z to cast anyway.) Unknown command.
Casting: Blink (safe; 1% risk of failure)
Confirm with . or Enter, or press ? or * to list all spells.
Okay, then.
Aiming: Corrosive Bolt
Press: ? - help, Shift-Dir - straight line, f - you That beam is likely to hit you.
Continue anyway? [Y]es or [N]o only, please.
That beam is likely to hit you.
Continue anyway?
Okay, then.
Aiming: Throw Flame
Press: ? - help, Shift-Dir - straight line, f - shadow
Aim: a shadow (lightly damaged, 74% to hit)
The puff of flame misses the shadow.
The shadow slips into darkness.
The shadow flickers and vanishes!
Deactivating autopickup; reactivate with Ctrl-A.
Okay, then.
Okay, then.
You cannot read scrolls in your current state!
Unknown command.
You feel yourself speed up.
Unknown command.
Casting: Blink (safe; 1% risk of failure)
Confirm with . or Enter, or press ? or * to list all spells.
Okay, then.
Okay, then.
You feel very mighty all of a sudden.
You miss something.
The shadow strikes at you from the darkness!
You die...
Xom bursts into laughter!

..... .... . #...# #...
.. #...# #..# ... #...#
#..# .... #...#
#..######
.....#####...###........
........................
.......@{...............
.....######.####..#####
... #.# #(.# . #.# #..#
..# #..# ..# #..# # ...#
#).###### .
#..####........ ....
#..............


There were no monsters in sight!

Vanquished Creatures
  Azrael (D:12)
  An ettin (Lair:2)
  Josephine (D:10)
  5 hydras
  A boulder beetle (Lair:5)
  A centaur warrior (D:9)
  A merfolk avatar (Lair:6)
  4 death yaks
  2 two-headed ogres
  An orc high priest (Orc:1)
  Sonja (Lair:2)
  A fire crab (Lair:6)
  A sea snake (Lair:6)
  2 harpies (Lair:6)
  A cyclops (D:11)
  3 manticores
  A merfolk siren (Lair:3)
  9 elephants
  A guardian serpent (Lair:2)
  4 black mambas
  Joseph (D:7)
  A gargoyle (D:10)
  A torpor snail (Lair:4)
  18 cane toads
  2 kobold demonologists (D:11)
  14 komodo dragons
  11 rime drakes
  Maggie (D:7)
  2 trolls
  6 polar bears
  2 merfolk (Lair:3)
  2 hornets
  11 blink frogs
  2 shadows
  6 humans (D:8)
  5 wyverns
  6 wraiths
  4 fire elementals (D:12)
  8 basilisks
  33 yaks
  A steam dragon (D:7)
  8 vampire mosquitoes
  4 acid dragons
  3 hell hounds (D:12)
  A swamp drake (Lair:5)
  13 water moccasins
  6 orc warriors
  3 sky beasts
  5 black bears
  A necrophage (D:6)
  2 ice beasts
  5 ogres
  A centaur (D:10)
  10 wolves
  3 kobold brigands
  14 bullfrogs
  A water moccasin zombie (D:7)
  3 scorpions
  A wyvern skeleton (D:7)
  A water moccasin skeleton (D:7)
  3 killer bees (D:10)
  7 wights
  2 electric eels (Lair:3)
  A howler monkey (D:10)
  3 jellies
  4 centaur zombies
  2 hounds
  2 orc priests (D:9)
  A bullfrog skeleton (D:4)
  A centaur skeleton (D:4)
  2 iguanas (D:7)
  6 orc wizards
  A hound skeleton (D:4)
  A howler monkey zombie (D:7)
  A howler monkey skeleton (D:6)
  6 adders
  A white imp (D:7)
  2 ufetubi (D:4)
  An adder skeleton (D:4)
  2 worms
  A dart slug (D:4)
  26 orcs
  9 ball pythons
  7 endoplasms
  3 giant cockroaches
  8 goblins
  8 hobgoblins
  2 quokkas
  2 bats
  2 frilled lizards (Sewer)
  13 kobolds
  8 rats
402 creatures vanquished.

Vanquished Creatures (collateral kills)
  A cane toad (Lair:3)
  A komodo dragon (Lair:2)
  A troll (D:6)
  A blink frog (Lair:4)
  A water moccasin (Lair:3)
  A sky beast (D:6)
  2 ogres
  A kobold brigand (Sewer)
  A bullfrog (D:7)
  A water moccasin zombie (D:6)
  A centaur zombie (D:6)
  2 bullfrog skeletons (D:6)
  A shadow imp (D:6)
  5 giant cockroaches
  A frilled lizard (Sewer)
21 creatures vanquished.

Vanquished Creatures (others)
  A yak (Lair:6)
  A bush (Lair:4)
  86 fungi
  127 plants
215 creatures vanquished.

Grand Total: 638 creatures vanquished

Notes
Turn   | Place    | Note
-------+----------+-------------------------------------------
     0 | D:1      | Zonian the Human Conjurer began the quest for the Orb.
     0 | D:1      | Reached XP level 1. HP: 13/13 MP: 3/3
   673 | D:1      | Reached XP level 2. HP: 19/19 MP: 1/5
  1109 | D:1      | Found a faded altar of an unknown god.
  1113 | D:1      | Became a worshipper of Xom of Chaos
  1755 | D:2      | Reached XP level 3. HP: 24/24 MP: 2/6
  1757 | D:2      | Identified a scroll of acquirement
  1757 | D:2      | Acquired the +3 warlock's mirror {reflect}
  1758 | D:2      | Found the +3 warlock's mirror {reflect}
  2395 | D:2      | Reached XP level 4. HP: 30/30 MP: 4/7
  2834 | D:3      | XOM: cloud trail
  2845 | D:3      | XOM: 2-stop teleportation journey
  3174 | D:3      | Found an ornate altar of the Wu Jian Council.
  3247 | D:3      | Learned a level 2 spell: Searing Ray
  3308 | D:3      | Reached skill level 1 in Shields
  3315 | D:3      | Found Ypopeudgh's Book Emporium.
  3639 | D:3      | Reached skill level 1 in Short Blades
  3824 | D:4      | XOM: confusion
  3833 | D:4      | Reached skill level 1 in Fighting
  3833 | D:4      | Reached XP level 5. HP: 29/37 MP: 4/8
  4129 | D:4      | Reached skill level 5 in Conjurations
  4129 | D:4      | Reached XP level 6. HP: 31/43 MP: 8/10
  4457 | D:4      | Found a blossoming altar of Fedhas.
  4536 | D:4      | Acquired 717 gold pieces
  4706 | D:4      | XOM: summons 3 hostile shadow creatures
  4752 | D:4      | XOM: 1-stop teleportation journey
  4774 | D:4      | Found a staircase to the Ecumenical Temple.
  5120 | D:5      | Entered Level 5 of the Dungeon
  5136 | D:5      | Noticed an ogre
  5146 | D:5      | Killed an ogre
  5147 | D:5      | Reached XP level 7. HP: 31/49 MP: 5/11
  5359 | D:5      | XOM: scenery: 1 doors open
  5443 | D:5      | XOM: smoke on damage
  5476 | D:5      | XOM: silly message
  5516 | D:5      | XOM: divination: magic mapping
  5742 | D:5      | XOM: summons friendly ufetubus
  5762 | D:5      | XOM: polymorph ufetubus -> shadow imp
  5803 | D:5      | Found an opulent altar of Gozag.
  5803 | D:5      | XOM: 5-stop teleportation journey
  5905 | D:5      | XOM: scenery: create altars
  6034 | D:5      | XOM: polymorph hound -> jelly
  6039 | D:5      | Reached XP level 8. HP: 37/57 MP: 6/13
  6050 | D:5      | XOM: noise
  6167 | D:5      | XOM: give mutations
  6167 | D:5      | Gained mutation: You occasionally shout uncontrollably at
                  | your foes. [Xom's mischief]
  6167 | D:5      | Gained mutation: Your body sometimes deteriorates upon
                  | taking damage. [Xom's mischief]
  6174 | D:5      | XOM: give mutations
  6174 | D:5      | Gained mutation: Your flesh is heat resistant. (rF+) [Xom's
                  | grace]
  6174 | D:5      | Gained mutation: You have sharp fingernails. [Xom's grace]
  6220 | D:5      | XOM: 2-stop teleportation journey
  6338 | D:6      | Found a runed translucent door.
  6339 | D:6      | Noticed Crazy Yiuf
  6402 | D:6      | Found a glowing drain.
  6419 | D:6      | Reached skill level 6 in Conjurations
  6428 | Sewer    | Entered a sewer
  6449 | Sewer    | XOM: cast spell 'Dispersal'
  6459 | Sewer    | XOM: summons 8 friendly demons
  6461 | Sewer    | Reached XP level 9. HP: 57/64 MP: 12/15
  6574 | D:6      | XOM: scenery: summon butterflies
  6647 | D:6      | Noticed a troll
  6654 | D:6      | XOM: cast spell 'Summon Dragon'
  6656 | D:6      | Killed a troll
  6771 | D:6      | XOM: give mutations
  6771 | D:6      | Gained mutation: You are clumsy. (Dex -2) [Xom's mischief]
  6771 | D:6      | Gained mutation: You are very clumsy. (Dex -4) [Xom's
                  | mischief]
  6771 | D:6      | Gained mutation: Your movements are slightly less
                  | encumbered by armour. (ER -2) [Xom's mischief]
  6771 | D:6      | Lost mutation: You are very clumsy. (Dex -4) [Xom's
                  | mischief]
  6803 | D:6      | Found Jasauwan's Weapon Emporium.
  6996 | D:7      | Found an iron altar of Okawaru.
  7007 | D:7      | Noticed Joseph
  7010 | D:7      | XOM: enchant monster (good)
  7016 | D:7      | Killed Joseph
  7120 | D:7      | XOM is BORED!
  7120 | D:7      | XOM: draining
  7121 | D:7      | Reached skill level 5 in Stealth
  7568 | D:7      | XOM: summons 4 friendly demons
  7644 | D:7      | Found a glowing silver altar of Zin.
  7645 | D:7      | XOM: scenery: 1 doors close
  7809 | D:7      | XOM: cleaving
  7815 | D:7      | Noticed Maggie
  7831 | D:7      | Killed Maggie
  7932 | D:7      | XOM: fog
  7934 | D:7      | XOM: butterfly on damage
  7940 | D:7      | Reached skill level 5 in Dodging
  7989 | D:7      | XOM: scenery: summon butterflies
  8050 | D:7      | XOM: scenery: create altars
  8104 | D:7      | Reached XP level 10. HP: 58/73 MP: 15/17
  8121 | D:7      | XOM: fog
  8128 | D:7      | Found a shadowy altar of Dithmenos.
  8128 | D:7      | XOM: 1-stop teleportation journey
  8272 | D:7      | XOM: polymorph scorpion -> basilisk
  8282 | D:7      | Reached skill level 5 in Spellcasting
  8301 | D:7      | Learned a level 3 spell: Dazzling Flash
  8368 | D:7      | XOM: god gift: plate armour {god gift}
  8676 | D:7      | Reached skill level 5 in Shields
  8684 | D:7      | Reached skill level 7 in Conjurations
  8684 | D:7      | Reached skill level 1 in Hexes
  8799 | D:7      | Identified the +5 plate armour of Pan-Flutes {rElec}
  9099 | D:7      | XOM: cloud trail
  9103 | D:7      | Acquired a +1 helmet of intelligence
  9115 | D:7      | XOM: summons 2 hostile demons
  9185 | D:7      | XOM is BORED!
  9185 | D:7      | XOM: summons 2 hostile shadow creatures
  9361 | D:8      | Reached skill level 5 in Short Blades
  9482 | D:8      | Noticed a komodo dragon
  9497 | D:8      | XOM: enchant monster (good)
  9507 | D:8      | XOM: chaos upgrade
  9523 | D:8      | Reached skill level 5 in Fighting
  9585 | D:8      | XOM: blink monster(s)
 10161 | D:8      | Found a staircase to the Lair.
 10193 | D:8      | XOM: swap monsters
 10215 | D:8      | XOM: swap monsters
 10218 | D:8      | Killed a komodo dragon
 10348 | D:8      | Found Zidemp's Weapon Shop.
 10357 | D:8      | Bought the +10 flail of Xaumo {protect, +Rage Will+} for
                  | 1124 gold pieces
 10488 | D:8      | XOM: swap monsters
 10505 | D:8      | Reached XP level 11. HP: 80/80 MP: 19/19
 10914 | D:9      | Reached skill level 1 in Maces & Flails
 11130 | D:9      | Learned a level 4 spell: Iskenderun's Mystic Blast
 11205 | D:8      | XOM: summons 3 hostile demons
 11558 | D:9      | Noticed a centaur warrior
 11563 | D:9      | XOM: smoke on damage
 11575 | D:9      | Killed a centaur warrior
 11576 | D:9      | Reached skill level 1 in Translocations
 11687 | D:8      | XOM: give mutations
 11687 | D:8      | Lost mutation: Your flesh is heat resistant. (rF+) [Xom's
                  | mischief]
 11687 | D:8      | Lost mutation: Your movements are slightly less encumbered
                  | by armour. (ER -2) [Xom's mischief]
 11687 | D:8      | Gained mutation: Your spells are a little easier to cast,
                  | but a little less powerful. [Xom's mischief]
 11687 | D:8      | Gained mutation: You are frail. (-10% HP) [Xom's mischief]
 11877 | D:9      | XOM: 3-stop teleportation journey
 11923 | D:9      | XOM: scenery: 1 doors close
 12178 | D:9      | Identified the +1 leather armour of Indecent Exposure
                  | {Drain *Slow Will+ Int+8}
 12215 | D:9      | XOM: 4-stop teleportation journey
 12688 | D:10     | Entered Level 10 of the Dungeon
 12701 | D:10     | Learned a level 2 spell: Blink
 12705 | D:10     | Learned a level 3 spell: Mephitic Cloud
 12760 | D:10     | XOM: confuse monster(s)
 12987 | D:10     | XOM: potion effect (magic)
 12992 | D:10     | Noticed Josephine
 13019 | D:10     | XOM: butterfly on damage
 13024 | D:10     | XOM: cast spell 'Summon Ice Beast'
 13035 | D:10     | Killed Josephine
 13036 | D:10     | Reached skill level 8 in Conjurations
 13036 | D:10     | Reached skill level 1 in Air Magic
 13036 | D:10     | Reached skill level 1 in Poison Magic
 13408 | D:10     | XOM: silly message
 13432 | D:10     | XOM: divination: magic mapping
 13471 | D:10     | Found Vagil's Assorted Antiques.
 13476 | D:10     | Bought a sharpened bone wand for 108 gold pieces
 13476 | D:10     | Bought a scroll labelled TYETUN KUYVISS for 27 gold pieces
 13607 | D:10     | Noticed Urug
 13965 | D:10     | Reached XP level 12. HP: 58/79 MP: 14/21
 14658 | D:11     | XOM: give mutations
 14658 | D:11     | Gained mutation: You are very clumsy. (Dex -4) [Xom's
                  | mischief]
 14658 | D:11     | Lost mutation: Your body sometimes deteriorates upon taking
                  | damage. [Xom's mischief]
 14658 | D:11     | Lost mutation: You are frail. (-10% HP) [Xom's mischief]
 14658 | D:11     | Gained mutation: You are partially covered in iridescent
                  | scales. (AC +2) [Xom's mischief]
 14692 | D:11     | XOM: 1-stop teleportation journey
 15339 | D:11     | XOM: divination: magic mapping
 15346 | D:11     | XOM: confusion (+ monsters)
 15347 | D:11     | XOM: polymorph shadow imp -> ufetubus
 15350 | D:11     | XOM: chaos upgrade
 15357 | D:11     | XOM: polymorph rust devil -> ice devil
 15521 | D:11     | XOM: give mutations
 15521 | D:11     | Gained mutation: Your muscles are strong. (Str +2) [Xom's
                  | mischief]
 15521 | D:11     | Lost mutation: Your muscles are strong. (Str +2) [Xom's
                  | mischief]
 15521 | D:11     | Gained mutation: You sometimes lose the ability to read
                  | scrolls when taking damage. [Xom's mischief]
 15779 | D:11     | Found a staircase to the Orcish Mines.
 15788 | D:11     | XOM: 1-stop teleportation journey
 15817 | D:11     | XOM: fog
 16073 | D:11     | XOM: give mutation
 16073 | D:11     | Gained mutation: Your flesh is heat resistant. (rF+) [Xom's
                  | grace]
 16261 | D:11     | XOM: confuse monster(s)
 16400 | D:11     | XOM: god gift: 18 stones
 16471 | D:11     | XOM: 2-stop teleportation journey
 16577 | D:11     | Noticed a seven-headed hydra
 16729 | D:11     | XOM: enchant monster (good)
 16737 | D:11     | Killed a seven-headed hydra
 16885 | D:11     | XOM: divination: magic mapping
 16948 | D:11     | XOM: god gift: scroll of silence
 17204 | D:11     | XOM: cloud trail
 17487 | Lair:1   | XOM: noise
 17487 | Lair:1   | Entered Level 1 of the Lair of Beasts
 17492 | Lair:1   | XOM: give mutation
 17492 | Lair:1   | Gained mutation: Your mind is acute. (Int +2) [Xom's grace]
 17871 | Lair:1   | XOM: enchant monster (good)
 18093 | Lair:1   | XOM: silly message
 18107 | Lair:1   | XOM: enchant monster (bad)
 18338 | Lair:1   | XOM: 4-stop teleportation journey
 18579 | Lair:1   | XOM: summons 1 hostile demon
 18698 | Lair:1   | XOM: give mutations
 18698 | Lair:1   | Lost mutation: Your spells are a little easier to cast, but
                  | a little less powerful. [Xom's mischief]
 18698 | Lair:1   | Lost mutation: Your mind is acute. (Int +2) [Xom's
                  | mischief]
 18919 | Lair:1   | XOM: silly message
 19121 | Lair:1   | XOM is BORED!
 19121 | Lair:1   | XOM: silly message
 19169 | Lair:2   | Noticed a seven-headed hydra
 19201 | Lair:2   | Killed a seven-headed hydra
 19202 | Lair:2   | Reached skill level 5 in Hexes
 19290 | Lair:2   | Noticed Sonja
 19303 | Lair:1   | XOM: silly message
 19490 | Lair:2   | XOM: potion effect (heal wounds)
 19602 | Lair:2   | Reached XP level 13. HP: 71/96 MP: 18/23
 19759 | Lair:2   | XOM: noise
 19795 | Lair:2   | XOM: cast spell 'Call Canine Familiar'
 19966 | Lair:2   | Killed Sonja
 19967 | Lair:2   | Reached skill level 1 in Evocations
 20119 | Lair:2   | XOM: god gift: leatherbound book {god gift}
 20130 | Lair:2   | Learned a level 6 spell: Freezing Cloud
 20174 | Lair:2   | Found a runed translucent door.
 20195 | Lair:2   | Noticed a boulder beetle
 20202 | Lair:2   | XOM: noise
 20336 | Lair:2   | XOM: scenery: 1 doors open
 20564 | Lair:2   | XOM: god gift: glowing bardiche {god gift}
 20617 | Lair:2   | Noticed Cyko's ghost (journeyman TrBe)
 20660 | Lair:2   | XOM: fog
 20675 | Lair:2   | Noticed an ettin
 20675 | Lair:2   | a boulder beetle changed into an ettin
 20675 | Lair:2   | XOM: polymorph boulder beetle -> ettin
 20689 | Lair:2   | Killed an ettin
 20828 | Lair:2   | XOM: god gift: wand of digging (6)
 21057 | Lair:2   | Found the +3 pair of seven-league boots {Rampage+∞}
 21284 | Lair:3   | XOM: cast spell 'Summon Dragon'
 21298 | Lair:3   | Reached skill level 1 in Ice Magic
 21504 | Lair:3   | XOM: divination: detect items
 21533 | Lair:3   | Found a staircase to the Shoals.
 21669 | Lair:3   | Reached skill level 9 in Conjurations
 21920 | Lair:3   | XOM: destruction
 21984 | Lair:3   | XOM is BORED!
 22010 | Lair:3   | Found a staircase to the Snake Pit.
 22010 | Lair:3   | XOM: 7-stop teleportation journey
 22371 | Lair:3   | XOM: 1-stop teleportation journey
 22383 | Lair:3   | XOM: 8-stop teleportation journey
 22983 | Lair:4   | XOM: summons 1 hostile demon
 23068 | Lair:3   | XOM: silly message
 23138 | Lair:3   | XOM: silly message
 23636 | Lair:4   | Reached skill level 5 in Maces & Flails
 23642 | Lair:4   | Found a frozen archway.
 23877 | Lair:4   | XOM: summons 3 friendly demons
 23882 | Lair:4   | XOM: scenery: summon butterflies
 23885 | Lair:4   | XOM: fog
 24233 | Lair:4   | You fall into a shaft and drop 2 floors!
 24233 | Lair:6   | Entered Level 6 of the Lair of Beasts
 24235 | Lair:6   | XOM: summons 2 friendly demons
 24269 | Lair:5   | XOM: enchant monster (good)
 24284 | Lair:5   | XOM: enchant monster (good)
 24307 | Lair:5   | Reached XP level 14. HP: 28/104 MP: 4/25
 24386 | Lair:5   | XOM: 7-stop teleportation journey
 24409 | Lair:4   | XOM: summons 8 hostile demons
 24795 | Lair:4   | XOM: divination: detect items
 24845 | Lair:4   | XOM: enchant monster (good)
 25157 | Lair:5   | XOM: polymorph rime drake -> swamp drake
 25288 | Lair:4   | XOM: cloud trail
 25496 | Lair:5   | XOM: summons 2 friendly demons
 25501 | Lair:4   | XOM: fake destruction
 25605 | Lair:4   | Reached skill level 5 in Translocations
 25618 | Lair:4   | XOM: summons friendly white imp
 25802 | Lair:5   | XOM: fog
 25896 | Lair:5   | XOM: silly message
 26125 | D:10     | Bought a potion of curing for 81 gold pieces
 26125 | D:10     | Bought a tapered lead wand for 108 gold pieces
 26860 | Lair:5   | XOM: 1-stop teleportation journey
 26879 | Lair:5   | XOM: god gift: 7 boomerangs
 26962 | Lair:5   | Reached skill level 5 in Poison Magic
 26965 | Lair:5   | XOM: cleaving
 27554 | Lair:6   | XOM: swap monsters
 27560 | Lair:6   | XOM: enchant monster (bad)
 27582 | Lair:6   | XOM: enchant monster (good)
 27835 | Lair:6   | XOM: 1-stop teleportation journey
 27846 | Lair:6   | XOM: noise
 27848 | Lair:6   | XOM: polymorph water moccasin -> acid dragon
 27852 | Lair:6   | XOM: god gift: +2 fustibalus of chaos
 27856 | Lair:6   | Reached skill level 5 in Air Magic
 27893 | Lair:6   | XOM: blink monster(s)
 28017 | Lair:6   | XOM: give mutations
 28017 | Lair:6   | Lost mutation: You sometimes lose the ability to read
                  | scrolls when taking damage. [Xom's mischief]
 28017 | Lair:6   | Lost mutation: You are very clumsy. (Dex -4) [Xom's
                  | mischief]
 28340 | Lair:6   | XOM: blink monster(s)
 28663 | Lair:6   | XOM: 1-stop teleportation journey
 28688 | Lair:6   | XOM: enchant monster (bad)
 28696 | Lair:6   | XOM: confusion
 28698 | Lair:6   | XOM: noise
 29056 | Lair:5   | XOM: stat loss: -1 Int (31/32)
 29950 | Lair:6   | XOM: summons 8 hostile demons
 29980 | Lair:6   | XOM: stat loss: -1 Str (8/9)
 30268 | Lair:6   | XOM: 1-stop teleportation journey
 30495 | Lair:6   | XOM: give mutation
 30495 | Lair:6   | Lost mutation: You are partially covered in iridescent
                  | scales. (AC +2) [Xom's mischief]
 30605 | Lair:6   | XOM: give mutations
 30605 | Lair:6   | Lost mutation: You occasionally shout uncontrollably at
                  | your foes. [Xom's mischief]
 30605 | Lair:6   | Gained mutation: You sometimes lose the ability to read
                  | scrolls when taking damage. [Xom's mischief]
 30605 | Lair:6   | Gained mutation: You have a somewhat thin skeletal
                  | structure. (Dex +2, Stealth+) [Xom's mischief]
 30605 | Lair:6   | Gained mutation: You tend to lose your temper in combat.
                  | [Xom's mischief]
 30677 | Lair:6   | Reached XP level 15. HP: 59/111 MP: 21/27
 31100 | Lair:6   | XOM: chaos cloud
 31251 | Lair:6   | XOM: give mutation
 31251 | Lair:6   | Gained mutation: Your body sometimes deteriorates upon
                  | taking damage. [Xom's mischief]
 31322 | Lair:6   | XOM: torment (57/111 hp)
 31406 | Lair:6   | XOM: give mutation
 31406 | Lair:6   | Gained mutation: You are dopey. (Int -2) [Xom's mischief]
 31459 | Lair:6   | XOM: silly message
 31473 | Lair:6   | XOM: summons 4 hostile shadow creatures
 31581 | Lair:6   | XOM: god gift: embroidered cloak {god gift}
 31665 | Lair:6   | XOM: give mutations
 31665 | Lair:6   | Gained mutation: You are somewhat resistant to further
                  | mutation. [Xom's grace]
 31665 | Lair:6   | Lost mutation: You tend to lose your temper in combat.
                  | [Xom's grace]
 31665 | Lair:6   | Gained mutation: You have sharp toenails. [Xom's grace]
 31665 | Lair:6   | Gained mutation: You are strong-willed. (Will+) [Xom's
                  | grace]
 32438 | Lair:6   | XOM: god gift: 16 gold pieces
 32488 | Lair:6   | XOM: enchant monster (good)
 32612 | Lair:6   | XOM: god gift: robe {god gift}
 32767 | Lair:6   | XOM: cast spell 'Alistair's Intoxication'
 32785 | Lair:6   | XOM: summons 2 hostile shadow creatures
 33023 | Lair:6   | Found a viscous altar of Jiyva.
 33023 | Lair:6   | Found a staircase to the Slime Pits.
 33241 | D:11     | XOM: enchant monster (good)
 33499 | Orc:1    | Entered Level 1 of the Orcish Mines
 33729 | D:11     | Upgraded the game from 0.27-a0-1219-g958d993ae5 to
                  | 0.27-a0-1228-gfd60fd639a
 33766 | D:12     | XOM: god gift: potion of cancellation
 33778 | D:12     | XOM: confuse monster(s)
 33785 | D:12     | XOM: enchant monster (good)
 33790 | D:12     | Reached skill level 10 in Conjurations
 33966 | D:12     | XOM: summons 3 hostile shadow creatures
 34084 | D:12     | Noticed Azrael
 34129 | D:12     | XOM: fake destruction
 34137 | D:12     | XOM: cast spell 'Leda's Liquefaction'
 34140 | D:12     | XOM: torment (33/112 hp)
 34144 | D:12     | Killed Azrael
 34159 | D:12     | Demolished by a shadow

Illustrated notes

Levels and vault maps discovered:
D:1:      amcnicky_arrival_feature_with_door, layout_basic,
          shapermc_ecumenical_altar_mp_vishouse
D:2:      layout_basic
D:3:      layout_loops_ring, nicolae_overflow_hidden_temple, serial_shops, shop,
          chequers_serial_rivers_room_a, kennysheep_crisscross
D:4:      layout_rooms, fedhas_altar_1, temple_green, bh_walls_and_bars
D:5:      layout_basic, nicolae_gozag_seed_capital, jmf_multi_god_temple
D:6:      layout_rooms, gup_sewer_entry_glass, serial_shops, shop,
          uniq_crazy_yiuf_cottage
D:7:      minmay_opposing_rooms, layout_basic, overflow_temple_1_default,
          kennysheep_mini_moat, nicolae_dithmenos_the_darkroom, uniq_maggie,
          uniq_joseph
D:8:      layout_cave_pools, due_lair_maze_entry_diamond, serial_shops, shop,
          minmay_ruffians
D:9:      layout_roguey
D:10:     layout_roguey, serial_shops, nicolae_shop_behind_doors, uniq_urug,
          uniq_josephine
D:11:     layout_long_grid, david_orc_2, serial_rivers,
          chequers_serial_rivers_micro_e, chequers_serial_rivers_micro_a,
          chequers_serial_rivers_micro_a, chequers_serial_rivers_micro_d,
          chequers_serial_rivers_small_b, chequers_serial_rivers_micro_b
D:12:     layout_small_grid, serial_park_tiny_1, uniq_azrael
Lair:1:   layout_regular_city, minmay_lair_oklob_chamber, grunt_megastairs_4
Lair:2:   layout_roguey, ebering_ghost_reflecting_pool,
          hellmonk_guarded_unrand_seven_league_boots, uniq_sonja
Lair:3:   layout_cave_pods, elwin_shoals_entry_rooms,
          guppyfry_snake_entry_island, serial_bayou_shore_b
Lair:4:   layout_regular_city, portal_ice_cave_rime
Lair:5:   wander_river, layout_cave_shapes, minivault_11
Lair:6:   gammafunk_lair_ancient_temple, layout_cave_pods,
          dpeg_slime_entry_enclosed_altar, chequers_serial_rivers_micro_c
Orc:1:    layout_diamond_mine, gammafunk_ghost_split

Skill      XL: |  1  2  3  4  5  6  7  8  9 10 11 12 13 14 15 |
---------------+----------------------------------------------+-----
Shields        | 1 2 3 4 5 6 |  6.0
Short Blades   | 1 2 3 4 5 |  5.4
Fighting       | 1 2 3 4 5 6 7 8 |  8.6
Conjurations   | 5 6 7 8 9 10 | 10.0
Stealth        | 3 4 5 6 7 8 9 |  9.7
Spellcasting   | 3 4 5 6 7 8 |  8.3
Dodging        | 3 4 5 6 7 8 9 |  9.0
Hexes          | 2 4 5 6 |  6.5
Maces & Flails | 2 4 5 6 |  6.4
Translocations | 2 3 4 5 |  5.5
Air Magic      | 1 3 4 5 |  5.8
Poison Magic   | 1 3 4 5 |  5.6
Evocations     | 2 4 |  4.6
Ice Magic      | 2 4 |  4.5

Action                   |  1- 3 |  4- 6 |  7- 9 | 10-12 | 13-15 || total
-------------------------+-------+-------+-------+-------+-------++-------
Melee: Dagger            |    10 |    45 |    81 |   106 |       ||   242
       Flail             |       |       |       |   187 |   413 ||   600
Throw: Dart              |       |       |       |       |     4 ||     4
       Javelin           |       |       |       |       |     1 ||     1
 Cast: Magic Dart        |    50 |    83 |    53 |   289 |   194 ||   669
       Searing Ray       |       |     3 |    22 |    86 |   103 ||   214
       Dazzling Flash    |       |       |       |     4 |     3 ||     7
       Iskenderun's Myst |       |       |       |     3 |    53 ||    56
       Mephitic Cloud    |       |       |       |     1 |    12 ||    13
       Blink             |       |       |       |       |     5 ||     5
Evoke: Wand              |       |       |       |     4 |    48 ||    52
  Use: Scroll            |     5 |     4 |    10 |    14 |     9 ||    42
       Potion            |       |       |       |     4 |     8 ||    12
 Stab: Distracted        |     1 |       |       |       |     2 ||     3
       Sleeping          |       |       |     1 |     1 |     1 ||     3
       Invisible         |       |       |       |     1 |       ||     1
       Confused          |       |       |       |       |     1 ||     1
       Petrified         |       |       |       |       |     1 ||     1
       Paralysed         |       |       |       |       |     4 ||     4
Armor: Robe              |       |    23 |     8 |    85 |   171 ||   287
       Troll leather arm |       |       |    10 |    84 |       ||    94
Dodge: Dodged            |     7 |    28 |    44 |   342 |   437 ||   858
Block: Buckler           |     1 |    25 |    28 |   250 |   214 ||   518
       Reflection        |       |       |     3 |    22 |     4 ||    29

Table legend: (Time is in decaauts)
 A = Elapsed time spent in this place.
 B = Non-inter-level travel time spent in this place.
 C = Inter-level travel time spent in this place.
 D = Time resting spent in this place.
 E = Time spent auto-exploring this place.
 F = Levels seen in this place.
 G = Mean time per level.
                   A        B        C        D        E       F      G
               +--------+--------+--------+--------+--------+-----+--------+
         Total |  34402 |  32974 |   1428 |  17677 |   9346 |  20 | 1720.1 |
       Dungeon |  18590 |  17691 |    899 |   8539 |   6023 |  12 | 1549.2 |
          Lair |  15664 |  15135 |    529 |   9138 |   3323 |   6 | 2610.7 |
  Orcish Mines |     16 |     16 |      0 |      0 |      0 |   1 |   16.0 |
         Sewer |    130 |    130 |      0 |      0 |      0 |   1 |  130.0 |
               +--------+--------+--------+--------+--------+-----+--------+

Top non-repeatable levels by time:
  Lair:6: 4947 daAuts
    D:11: 3283 daAuts
  Lair:5: 2401 daAuts
     D:7: 2265 daAuts
  Lair:3: 2201 daAuts
  Lair:4: 2146 daAuts
    D:10: 2143 daAuts
  Lair:1: 2079 daAuts
     D:8: 2000 daAuts
  Lair:2: 1888 daAuts
     D:2: 1606 daAuts
     D:9: 1535 daAuts
     D:1: 1382 daAuts
     D:5: 1106 daAuts
     D:3: 1097 daAuts
